 Dungeon Crawl Stone Soup version 0.31-a0-152-g6aa68a64a1 (webtiles) character file.

Game seed: 6283253152512820222

291 qw the Shooter (level 6, 0/53 HPs)
             Began as a Minotaur Hunter on June 10, 2023.
             Slain by a gnoll
             ... wielding a +0 whip
              (5 damage)
             ... on level 4 of the Dungeon.
             The game lasted 00:00:45 (1742 turns).

qw the Shooter (Minotaur Hunter)                    Turns: 1742, Time: 00:00:45

Health: 0/53       AC:  6    Str: 16    XL:     6   Next: 10%
Magic:  5/5        EV: 11    Int:  6    God:
Gold:   173        SH:  0    Dex: 15    Spells: 5/5 levels left

rFire   . . .        Y - +0 longbow
rCold   . . .        (shield currently unavailable)
rNeg    . . .        f - +0 ring mail
rPois   .            (helmet restricted)
rElec   .            (no cloak)
rCorr   .            i - +0 pair of gloves
SInv    .            (no boots)
Will    .....        (no amulet)
Stlth   +            (no ring)
HPRegen 0.28/turn    (no ring)
MPRegen 0.09/turn

%: no passive effects
@: lethally poisoned (0 -> -13)
A: horns 2, retaliatory headbutt
a: no special abilities


You were on level 4 of the Dungeon.
You visited 1 branch of the dungeon, and saw 4 of its levels.

You collected 173 gold pieces.


Innate Abilities, Weirdness & Mutations

You have a pair of horns on your head.
You reflexively headbutt those who attack you in melee.


   Skills:
 - Level 4.4 Fighting
 + Level 7.2 Ranged Weapons
 - Level 1.0 Armour
 - Level 2.1 Dodging
 - Level 0.7 Stealth


You had 5 spell levels left.
You didn't know any spells.
Your spell library was empty.

Inventory:

Hand Weapons
 Y - a +0 longbow (weapon)
Armour
 f - a +0 ring mail (worn)
 i - a +0 pair of gloves (worn)
Scrolls
 e - 4 scrolls of identify
Potions
 a - a potion of attraction {unknown}
 g - a potion of cancellation

Dungeon Overview and Level Annotations

Branches:
Dungeon (4/15)
 Temple: D:4-7

Altars:


Message History

The orc wizard is severely wounded.
You shoot an arrow. The arrow barely misses the orc wizard.
The orc hits you with a +1 short sword of venom.
You are poisoned.
You shoot an arrow.
The arrow closely misses the orc wizard.
The arrow closely misses the orc.
You feel very sick.
The orc wizard gestures at you while chanting.
The puff of flame hits you! The orc closely misses you.
The orc wizard barely misses you. The orc hits you with a +0 flail.
The orc barely misses you.
You shoot an arrow.
The arrow closely misses the orc wizard.
You feel sick.
The orc wizard hits you but does no damage.
The orc misses you.
The orc hits you with a +1 short sword of venom.
You are more poisoned.
You shoot an arrow. The arrow hits the orc wizard!
You kill the orc wizard!
You feel very sick. The orc hits you with a +0 flail.
The orc hits you but does no damage.
You are more poisoned.
You shoot an arrow.
The arrow hits the orc but does no damage.
You feel very sick. The orc hits you but does no damage. The orc misses you.
The orc hits you but does no damage. x2
You shoot an arrow. The arrow hits the orc.
The orc is moderately wounded.
You feel very sick. The orc hits you but does no damage.
You are lethally poisoned!
The orc barely misses you.
You shoot an arrow. The arrow hits the orc.
You kill the orc!
You feel very sick. The orc hits you with a +0 flail.
The gnoll hits you with a +0 whip.
You die...

##....)#............ ###
##.##..##...<......
#.####...)......##......
##..#..................#.
#........#...............
#........#.........#...#.
##..............##.. .##
###........o)g..#
#........#..@#.......
###......###.#oo.....
#.......######.o.....
##......).# ..^....
##.......# .......
######### ....... ~......


You could see a gnoll and an orc.

Vanquished Creatures
  A phantom (D:4)
  A bullfrog (D:4)
  2 orc wizards (D:4)
  3 adders
  3 gnolls (D:4)
  2 worms
  A dart slug (D:1)
  3 orcs (D:4)
  6 bats
  An endoplasm (D:1)
  2 giant cockroaches (D:2)
  4 goblins
  4 hobgoblins
  6 kobolds
  2 quokkas
  6 ball pythons
  A frilled lizard (D:3)
  A rat (D:1)
49 creatures vanquished.

Notes
Turn   | Place    | Note
-------+----------+-------------------------------------------
     0 | D:1      | qw the Minotaur Hunter began the quest for the Orb.
     0 | D:1      | Reached XP level 1. HP: 18/18 MP: 0/0
     0 | D:1      | 0 ||| qw: Version: 0.2-a-122-gbc61b45
     0 | D:1      | 0 ||| qw: Game counter: 3591
     0 | D:1      | 0 ||| qw: Always use a shield: true
     0 | D:1      | 0 ||| qw: God list: Okawaru
     0 | D:1      | 0 ||| qw: Allow faded altars: false
     0 | D:1      | 0 ||| qw: Do Orc after D:15 true
     0 | D:1      | 0 ||| qw: Do second Lair branch before Depths: true
     0 | D:1      | 0 ||| qw: Lair rune preference: random
     0 | D:1      | 0 ||| qw: Plans: Normal
     0 | D:1      | 0 ||| PLANNING D:1-11
   203 | D:1      | Reached XP level 2. HP: 21/25 MP: 1/1
   310 | D:1      | 310 ||| FLEEEEING.
   314 | D:1      | Reached skill level 5 in Ranged Weapons
   463 | D:1      | Reached skill level 3 in Fighting
   582 | D:1      | 582 ||| SWAPPING to +0 longbow.
   583 | D:1      | 583 ||| DROPPING +0 shortbow.
   584 | D:1      | 584 ||| UPGRADING to +0 ring mail.
   594 | D:1      | 594 ||| DROPPING +0 leather armour.
   595 | D:1      | 595 ||| UPGRADING to +0 pair of gloves.
   600 | D:1      | 600 ||| READING 3 scrolls labelled DITIUKLEOPT.
   601 | D:1      | 601 ||| READING 3 scrolls labelled ACAHUE WANN.
   602 | D:1      | 602 ||| READING scroll labelled DOVOERCH TIOLL.
   605 | D:1      | 605 ||| READING scroll labelled UNLEMOU HAOGA.
   606 | D:1      | 606 ||| READING 2 scrolls of identify.
   606 | D:1      | 606 ||| IDENTIFYING fuming orange potion
   607 | D:1      | 607 ||| DROPPING scroll of butterflies.
   608 | D:1      | 608 ||| DROPPING 2 scrolls of blinking.
   890 | D:2      | Found a faded altar of an unknown god.
   958 | D:2      | Reached skill level 1 in Armour
   958 | D:2      | Reached XP level 3. HP: 31/31 MP: 2/2
  1167 | D:2      | 1167 ||| READING scroll labelled LEJUYV HAMO.
  1168 | D:2      | 1168 ||| READING 2 scrolls labelled ARATEARCHOSE.
  1169 | D:2      | 1169 ||| READING scroll labelled WIMU WAUNI.
  1170 | D:2      | 1170 ||| DROPPING scroll of summoning.
  1173 | D:2      | 1173 ||| Stepping ~*~*~tactically~*~*~ (cloud).
  1376 | D:3      | You fall into a shaft and drop 1 floor!
  1378 | D:4      | 1378 ||| PLANNING SEWER
  1378 | D:4      | Noticed a phantom
  1385 | D:4      | Killed a phantom
  1386 | D:4      | Reached skill level 6 in Ranged Weapons
  1386 | D:4      | Reached XP level 4. HP: 34/38 MP: 3/3
  1429 | D:4      | Reached XP level 5. HP: 43/45 MP: 4/4
  1463 | D:4      | HP: 11/45 [bullfrog (4)]
  1464 | D:4      | 1464 ||| READING scroll of teleportation.
  1622 | D:4      | Identified the +7 dagger "Cityf" {pain, rElec}
  1731 | D:4      | 1731 ||| Stepping ~*~*~tactically~*~*~ (outnumbered).
  1734 | D:4      | Reached skill level 7 in Ranged Weapons
  1734 | D:4      | Reached XP level 6. HP: 53/53 MP: 5/5
  1741 | D:4      | HP: 13/53 [poisoned by an orc]
  1742 | D:4      | HP: 5/53 [orc/+0 flail (2)]
  1742 | D:4      | Slain by a gnoll

Levels and vault maps discovered:
D:1:      lightli_arrival_flooded_house, layout_loops_cross
D:2:      layout_loops_cross, basic_ecumenical_altar
D:3:      layout_loops_cross, makhleb_altar_promises_db
D:4:      layout_cave_pools, mainiacjoe_overflow_catwalk, gup_sewer_entry_pipe,
          minmay_checkerbox, uniq_blork_the_orc

Skill      XL: |  1  2  3  4  5 |
---------------+----------------+-----
Ranged Weapons | 5 6 7 |  7.2
Fighting       | 3 4 |  4.4
Armour         | 1 |  1.0
Dodging        | |  2.1
Stealth        | |  0.7

Action                     |  1- 3 |  4- 6 || total
---------------------------+-------+-------++-------
   Fire: Shortbow          |    36 |       ||    36
         Longbow           |    45 |    66 ||   111
    Use: Scroll            |     8 |     1 ||     9
 Armour: Ring mail         |    19 |    20 ||    39
         Leather armour    |     3 |       ||     3
  Dodge: Dodged            |    28 |    33 ||    61

Table legend:
 A = Non-vault XP
 B = Vault XP
 C = Vault XP percentage of total XP
 D = Non-vault monster count
 E = Vault monster count
 F = Vault count percentage of total count
                 A         B        C        D         E       F
            +---------+---------+-------+---------+---------+-------
      Total |     330 |      90 |  21.4 |      45 |       4 |   8.2
            +---------+---------+-------+---------+---------+-------
        D:1 |      32 |       0 |   0.0 |      17 |       0 |   0.0
        D:2 |      18 |       0 |   0.0 |       8 |       0 |   0.0
        D:3 |      28 |       0 |   0.0 |       3 |       0 |   0.0
        D:4 |     252 |      90 |  26.3 |      17 |       4 |  19.0
            +---------+---------+-------+---------+---------+-------
